 Dungeon Crawl Stone Soup version 0.20.1-1-g8b1a95d (webtiles) character file.

92 Linguinho the Vexing (level 4, -4/31 HPs)
             Began as a Demonspawn Enchanter on Oct 31, 2017.
             Splashed by Ijyb's acid (12 damage)
             ... on level 3 of the Dungeon.
             The game lasted 00:06:56 (2472 turns).

Linguinho the Vexing (Demonspawn Enchanter)         Turns: 2472, Time: 00:06:59

Health: -4/31      AC:  8    Str:  8    XL:     4   Next: 35%
Magic:  7/7        EV: 12    Int: 17    God:
Gold:   139        SH:  0    Dex: 14    Spells: 1/7 levels left

rFire    . . .     SeeInvis .   a - +1 dagger
rCold    . . .     Gourm    .   (no shield)
rNeg     . . .     Faith    .   b - +0 robe
rPois    .         Spirit   .   (helmet restricted)
rElec    .         Reflect  .   (no cloak)
rCorr    .         Harm     .   (no gloves)
MR       .....                  (no boots)
Stlth    ++........             (no amulet)
Regen    0.1/turn               (no ring)
MPRegen  0.1/turn               (no ring)

@: sanguine armour
A: horns 1, sanguine armour 1
a: no special abilities


You were on level 3 of the Dungeon.
You were hungry.

You visited 1 branch of the dungeon, and saw 3 of its levels.

You collected 139 gold pieces.

Inventory:

Hand Weapons
 a - a +1 dagger (weapon)
Armour
 b - a +0 robe (worn)
Scrolls
 e - 2 scrolls of teleportation
 g - a scroll of fog {unknown}
 k - 2 scrolls of fear {unknown}
 l - 3 scrolls of remove curse
 m - a scroll of noise
 n - 2 scrolls of amnesia {unknown}
 o - a scroll of identify
 q - a scroll of recharging {unknown}
 t - a scroll of enchant weapon {unknown}
 u - a scroll of blinking {unknown}
Potions
 h - 2 potions of might {unknown}
 i - 2 potions of mutation {unknown}
 j - a potion of cancellation {unknown}
 r - a potion of agility {unknown}
 s - a potion of curing {unknown}
Books
 c - a book of Maledictions

   Spells                             Type                      Level
   a - Corona                         Hexes                        1
   b - Ensorcelled Hibernation        Hexes/Ice                    2
   c - Confuse                        Hexes                        3
   d - Tukima's Dance                 Hexes                        3
   e - Dazzling Spray                 Conjuration/Hexes            3
Comestibles
 d - a bread ration
 f - 7 fruits
 p - 2 royal jellies


   Skills:
 + Level 0.6 Fighting
 + Level 1.5 Short Blades
 + Level 2.1 Dodging
 * Level 3.4 Stealth
 + Level 2.4 Spellcasting
 + Level 3.6 Hexes
 * Level 0.1 Ice Magic


You had one spell level left.
You knew the following spells:

 Your Spells              Type           Power        Failure   Level  Hunger
a - Corona                Hex            ##.....      4%          1    #......
b - Ensorcelled Hibernat  Hex/Ice        #.....       13%         2    ##.....
c - Confuse               Hex            ##......     12%         3    ###....


Dungeon Overview and Level Annotations

Branches:
Dungeon (3/15)

Altars:

Annotations:
D:3 Ijyb


Innate Abilities, Weirdness & Mutations

You have a pair of small horns on your head.
When seriously injured, your bleeding wounds create armour. (AC +6)


Message History

Found a scroll labeled GAPHEA ACORGHAC.
Found an escape hatch in the ceiling.
You see here a scroll labeled GAPHEA ACORGHAC.
The helpless adder fails to defend itself.
You puncture the adder!
You kill the adder!
Found a scroll of teleportation.
Found a great sword.
Found 21 stones.
The orc throws a steel tomahawk.
The steel tomahawk barely misses you.
Found a fluorescent wand.
Ijyb the Twisted Goblin comes into view.
A quokka comes into view.
The helpless Ijyb fails to defend herself.
You puncture Ijyb!
Ijyb is severely wounded.
Ijyb zaps a wand.
The bolt of acid hits you!
* * * LOW HITPOINT WARNING * * *
You are splashed with acid!
The acid burns!
You die...

##### ###
.........# .#
.......#.# (#
....#.#.# .#
##....#.##.## #
#......)....#.##
.#.......##...../
.........o(?#
#.....@##..#
.......g##o.###.###
###..#..##.........
.... #..###o###.##
....#.### ##r.# #o#
.#.... .....# #.# .
.[. #.#...# #o#
#.#.#.. ....# #.#
#.#.#. ...# #.#


You could see Ijyb, an orc and a quokka.

Vanquished Creatures
  2 adders
  An ooze (D:2)
  A worm (D:2)
  3 dart slugs (D:1)
  A leopard gecko (D:1)
  An orc (D:3)
  A giant cockroach (D:1)
  10 goblins
  9 hobgoblins
  3 jackals (D:1)
  5 kobolds
  10 bats
  3 frilled lizards
  4 rats
54 creatures vanquished.

Notes
Turn   | Place    | Note
-------+----------+-------------------------------------------
     0 | D:1      | Linguinho the Demonspawn Enchanter began the quest for the Orb.
     0 | D:1      | Reached XP level 1. HP: 13/13 MP: 3/3
     0 | D:1      | Noticed a spriggan
    14 | D:1      | Noticed a vampire
    14 | D:1      | Noticed an octopode
    18 | D:1      | Noticed a spriggan
   372 | D:1      | Gained mutation: When seriously injured, your bleeding wounds create armour. (AC +6) [demonic ancestry]
   372 | D:1      | Reached XP level 2. HP: 14/19 MP: 3/5
   854 | D:1      | Reached skill level 1 in Short Blades
   864 | D:1      | Gained mutation: You have a pair of small horns on your head. [demonic ancestry]
   864 | D:1      | Reached XP level 3. HP: 17/24 MP: 4/6
  2041 | D:2      | Reached XP level 4. HP: 19/31 MP: 3/7
  2387 | D:3      | Learned a level 2 spell: Ensorcelled Hibernation
  2391 | D:3      | Learned a level 3 spell: Confuse
  2470 | D:3      | Noticed Ijyb
  2472 | D:3      | Splashed by Ijyb's acid

Skill      XL: |  1  2 |
---------------+-------+-----
Stealth        | 3 |  3.4
Dodging        | 2 |  2.1
Short Blades   | 1 |  1.5
Fighting       | |  0.6
Spellcasting   | |  2.4
Hexes          | |  3.6
Ice Magic      | |  0.1

Action                   |  1- 3 |  4- 6 || total
-------------------------+-------+-------++-------
Melee: Dagger            |   200 |    24 ||   224
       Headbutt          |     9 |     6 ||    15
 Cast: Corona            |    34 |     4 ||    38
  Use: Scroll            |     3 |       ||     3
 Stab: Sleeping          |     5 |     2 ||     7
       Distracted        |     1 |       ||     1
  Eat: Chunk             |     4 |     1 ||     5
Armor: Robe              |    51 |     2 ||    53
Dodge: Dodged            |   143 |    13 ||   156
